 Dungeon Crawl Stone Soup version 0.27.0-1-g7a089689b8 (webtiles) character file.

Game seed: 15810038440424897533

625 shadowrider38 the Cleaver (level 7, -8/61 HPs)
             Began as a Deep Dwarf Fighter on Aug 3, 2021.
             Mangled by an ogre (19 damage)
             ... on level 4 of the Dungeon.
             The game lasted 00:13:29 (3715 turns).

shadowrider38 the Cleaver (Deep Dwarf Fighter)      Turns: 3715, Time: 00:13:30

Health: -8/61      AC: 11    Str: 22    XL:     7   Next: 23%
Magic:  6/6        EV:  6    Int:  8    God:
Gold:   111        SH:  9    Dex: 12    Spells: 6/6 levels left

rFire    + + .     SeeInvis .   a - +0 war axe
rCold    + . .     Faith    .   c - +0 kite shield
rNeg     . . .     Spirit   .   p - +2 chain mail {rF+}
rPois    .         Reflect  .   (no helmet)
rElec    .         Harm     .   q - scarf {rC+ rF+}
rCorr    .         Rampage  .   (no gloves)
Will     +....                  (no boots)
Stlth    ..........             (no amulet)
HPRegen  0.00/turn              (no ring)
MPRegen  0.10/turn              (no ring)

@: no status effects
A: damage resistance, heal wounds, sense surroundings 1, no regeneration
a: Heal Wounds


You were on level 4 of the Dungeon.
You visited 1 branch of the dungeon, and saw 4 of its levels.

You collected 111 gold pieces.

Inventory:

Hand Weapons
 a - a +0 war axe (weapon)
Armour
 c - a +0 kite shield (worn)
 f - a +0 cloak
 p - a +2 chain mail of fire resistance (worn)
 q - a scarf of resistance (worn)
Wands
 n - a wand of digging (5)
Scrolls
 b - a scroll of identify {unknown}
 e - a scroll of blinking {unknown}
 g - a scroll of noise {unknown}
 h - a scroll of summoning {unknown}
 k - a scroll of amnesia {unknown}
 l - a scroll of vulnerability {unknown}
 r - a scroll of silence {unknown}
Potions
 d - a potion of might
 i - a potion of haste {unknown}
 j - 2 potions of heal wounds {unknown}
 m - 2 potions of brilliance {unknown}
 o - 2 potions of curing {unknown}


   Skills:
 - Level 2.9 Fighting
 + Level 8.1 Axes
 - Level 4.1 Armour
 - Level 0.7 Dodging
 - Level 3.7 Shields


You had 6 spell levels left.
You didn't know any spells.
Your spell library contained the following spells:

 Spells                   Type           Power      Damage    Failure   Level
 Gell's Gravitas          Tloc           0%         N/A       100%        3
 Lesser Beckoning         Tloc           0%         N/A       100%        3
 Teleport Other           Tloc           0%         N/A       100%        3


Dungeon Overview and Level Annotations

Branches:
Dungeon (4/15)
 Temple: D:4-7

Altars:
Elyvilon
Kikubaaqudgha
Okawaru
Xom
Zin


Innate Abilities, Weirdness & Mutations

You are resistant to damage.
You can heal yourself by infusing magical energy.
You passively map a small area around you.
You do not regenerate.


Message History

a +0 hand crossbow; 24 bolts; a kobold corpse
o - 2 dark potions (gained 1)
An ogre comes into view. It is wielding a +0 giant club.
The ogre shouts!
A giant cockroach comes into view.
The ogre moves out of view.
You closely miss the giant cockroach. The giant cockroach barely misses you.
You closely miss the giant cockroach. You block the giant cockroach's attack.
The giant cockroach bites you but does no damage.
You slash the giant cockroach!
You kill the giant cockroach!
You slash the ogre!
The ogre is moderately wounded.
The ogre hits you with a +0 giant club!
Okay, then.
You barely miss the ogre.
The ogre is moderately wounded.
The ogre hits you with a +0 giant club!
* * * LOW HITPOINT WARNING * * *
You barely miss the ogre.
The ogre is moderately wounded.
The ogre hits you with a +0 giant club.
* * * LOW HITPOINT WARNING * * *
You hit the ogre.
The ogre is moderately wounded.
The ogre hits you but does no damage.
You slash the ogre!
The ogre is severely wounded.
The ogre hits you with a +0 giant club!
* * * LOW HITPOINT WARNING * * *
You feel much better. The ogre hits you with a +0 giant club!
You hit the ogre.
The ogre is severely wounded.
The ogre hits you with a +0 giant club!
* * * LOW HITPOINT WARNING * * *
Okay, then.
You hit the ogre.
The ogre is severely wounded.
The ogre hits you with a +0 giant club!!
You die...

* , .. ......# , ..
, ..... .. ,..... ,
... #... , ,, , ...
#..#* ** ** #.# *
#..# * * #O# #..# ,
, , #@## #..# #..#
#..#
##.####..#######
###..##..........
#....##............
#.....#..##.......#
#.....#........##⌠#
#....)....#.####^.≈
#....#....#.###^.≈_


You could see an ogre.

Vanquished Creatures
  Purgy (D:4)
  A black bear (D:4)
  A scorpion (D:4)
  A water moccasin skeleton (D:4)
  A centaur zombie (D:4)
  2 orc priests (D:3)
  Jessica (D:2)
  An iguana (D:4)
  An orc wizard (D:3)
  Natasha (D:2)
  2 hound skeletons (D:4)
  2 adders (D:3)
  4 worms
  3 dart slugs
  4 orcs (D:3)
  5 ball pythons
  8 endoplasms
  3 giant cockroaches
  10 goblins
  5 hobgoblins
  5 jackals
  10 kobolds
  A quokka (D:1)
  5 bats
  4 frilled lizards (D:1)
  6 rats
88 creatures vanquished.

Notes
Turn   | Place    | Note
-------+----------+-------------------------------------------
     0 | D:1      | shadowrider38 the Deep Dwarf Fighter began the quest for
                  | the Orb.
     0 | D:1      | Reached XP level 1. HP: 20/20 MP: 1/1
   206 | D:1      | Reached XP level 2. HP: 24/27 MP: 2/2
  1097 | D:1      | Reached XP level 3. HP: 23/33 MP: 3/3
  1646 | D:2      | Reached skill level 3 in Axes
  1783 | D:2      | Found a faded altar of an unknown god.
  1792 | D:2      | Noticed Jessica
  1795 | D:2      | Killed Jessica
  1796 | D:2      | Reached XP level 4. HP: 21/40 MP: 4/4
  1814 | D:2      | Noticed Natasha
  1833 | D:2      | Killed Natasha
  1848 | D:2      | Reached skill level 4 in Axes
  2536 | D:3      | Found a glowing silver altar of Zin.
  2572 | D:3      | Reached XP level 5. HP: 27/48 MP: 4/4
  2577 | D:3      | Reached skill level 5 in Axes
  3356 | D:4      | Reached skill level 6 in Axes
  3356 | D:4      | Reached XP level 6. HP: 14/55 MP: 5/5
  3383 | D:4      | Found an iron altar of Okawaru.
  3384 | D:4      | Found an ancient bone altar of Kikubaaqudgha.
  3385 | D:4      | Found a white marble altar of Elyvilon.
  3516 | D:4      | Reached skill level 7 in Axes
  3622 | D:4      | Found a shimmering altar of Xom.
  3623 | D:4      | Found a shimmering altar of Xom.
  3624 | D:4      | Found a shimmering altar of Xom.
  3625 | D:4      | Found a shimmering altar of Xom.
  3626 | D:4      | Found a shimmering altar of Xom.
  3626 | D:4      | Found a shimmering altar of Xom.
  3627 | D:4      | Found a shimmering altar of Xom.
  3655 | D:4      | Reached XP level 7. HP: 27/61 MP: 6/6
  3680 | D:4      | Noticed Purgy
  3690 | D:4      | Killed Purgy
  3691 | D:4      | Reached skill level 8 in Axes
  3715 | D:4      | Mangled by an ogre

Illustrated notes

Levels and vault maps discovered:
D:1:      dpeg_arrival_long_road, layout_loops_corners
D:2:      layout_basic, hellmonk_ecumenical_altar_zigzags, uniq_jessica,
          uniq_natasha
D:3:      layout_basic, zin_academy
D:4:      layout_basic, chequers_temple_overflow_statue_of_worship,
          xom_redecorated, uniq_purgy

Skill      XL: |  1  2  3  4  5  6  7 |
---------------+----------------------+-----
Axes           | 3 4 6 7 8 |  8.1
Armour         | 4 |  4.1
Fighting       | |  2.9
Dodging        | |  0.7
Shields        | |  3.7

Action                   |  1- 3 |  4- 6 |  7- 9 || total
-------------------------+-------+-------+-------++-------
Melee: War axe           |   111 |   159 |    19 ||   289
 Abil: Heal Wounds       |       |     2 |     1 ||     3
Armor: Scale mail        |    44 |    11 |       ||    55
       Chain mail        |       |    86 |    10 ||    96
Dodge: Dodged            |    38 |    32 |     4 ||    74
Block: Kite shield       |    46 |    90 |    12 ||   148
